 Dungeon Crawl Stone Soup version 0.31-a0-819-gf6de2f5ab6 (webtiles) character file.

Game seed: 15463441558349039837

329 qw the Shooter (level 6, 0/38 HPs)
             Began as a Gargoyle Hunter on Sept 23, 2023.
             Slain by a bullfrog (3 damage)
             ... in a sewer.
             The game lasted 00:01:11 (2336 turns).

qw the Shooter (Gargoyle Hunter)                    Turns: 2336, Time: 00:01:12

Health: 0/38       AC:  7    Str: 14    XL:     6   Next: 51%
Magic:  6/6        EV:  8    Int: 10    God:
Gold:   207        SH:  0    Dex: 15    Spells: 5/5 levels left

rFire   . . .        Y - +0 shortbow
rCold   . . .        (shield currently unavailable)
rNeg    + . .        c - +0 leather armour
rPois   inf          (no helmet)
rElec   +            (no cloak)
rCorr   .            (no gloves)
SInv    .            (no boots)
Will    .....        (no amulet)
Stlth   ++           (no ring)
HPRegen 0.26/turn    (no ring)
MPRegen 0.10/turn

%: no passive effects
@: constricted
A: sickness immunity, AC +4, negative energy resistance 1, electricity
resistance, torment resistance 1, petrification resistance
a: no special abilities


You were in a sewer.
You visited 1 branch of the dungeon, and saw 3 of its levels.
You also visited: Sewer.

You collected 246 gold pieces.
You spent 39 gold pieces at shops.


Innate Abilities, Weirdness & Mutations

You are immune to sickness and miasma.
Your stone body is resilient. (AC +4)
You are immune to poison.
You resist negative energy. (rN+)
You are resistant to electric shocks. (rElec)
You are resistant to unholy torment.
You are immune to petrification.


   Skills:
 - Level 4.0 Fighting
 + Level 6.9 Ranged Weapons
 - Level 1.5 Dodging
 - Level 1.1 Stealth


You had 5 spell levels left.
You didn't know any spells.
Your spell library was empty.

Inventory:

Hand Weapons
 Y - a +0 shortbow (weapon)
Armour
 c - a +0 leather armour (worn)
Jewellery
 e - a ring of ice
 i - a ring of fire
Scrolls
 a - 2 scrolls of identify
 g - a scroll of enchant weapon {unknown}
 j - a scroll of summoning {unknown}
 k - a scroll of blinking {unknown}
Potions
 b - a potion of ambrosia {unknown}
 d - a potion of enlightenment
 f - a potion of brilliance {unknown}
 h - 4 potions of curing
 l - a potion of cancellation {unknown}

Dungeon Overview and Level Annotations

Branches:
Dungeon (3/15)              Sewer (1/1)

Altars:
Kikubaaqudgha

Shops:
D:1 *


Message History

A ball python comes into view.
The adder closely misses you. The ball python misses you.
The ball python grabs you. The ball python constricts you.
The bullfrog hits you but does no damage.
You shoot an arrow.
The arrow barely misses the ball python.
The bullfrog hits you but does no damage.
The adder barely misses you.
The ball python bites you but does no damage.
The ball python constricts you.
The bullfrog hits you but does no damage.
The bullfrog hits you! The adder bites you. The ball python barely misses you.
The ball python constricts you.
You shoot an arrow. The arrow hits the ball python.
You kill the ball python!
The bullfrog closely misses you. x2; The bullfrog hits you.
The adder bites you but does no damage. The bullfrog closely misses you.
2334 |||
Found retreat position at 4,-6 (shallow_water) with 1 blocking monsters and 4 monsters attacking at destination at distance 6 You shoot an arrow.
The arrow hits the bullfrog.
The bullfrog is lightly wounded.
The ball python bites you but does no damage.
The ball python barely misses you. The bullfrog barely misses you.
The adder closely misses you. The bullfrog closely misses you.
The ball python bites you. The ball python grabs you.
The ball python constricts you. The adder bites you.
The ball python bites you but does no damage.
You shoot an arrow. The arrow hits the ball python.
The ball python is severely wounded.
The bullfrog hits you.
The bullfrog hits you but does no damage.
The adder bites you but does no damage. The adder completely misses you.
The ball python bites you but does no damage.
The ball python constricts you.
The bullfrog hits you but does no damage.
The adder bites you but does no damage. The bullfrog hits you.
The ball python bites you. The adder closely misses you.
You shoot an arrow.
The arrow barely misses the ball python.
The bullfrog hits you.
You die...

#......
#.....
#..~~~##
##.~..
#~~~~~~#
#~~~~~
#~~~~~~#
#~~~~~
#~~~~~~#
#~~~~~
#~~~~~~#
#~~~~~
#SS~~~~#
#~~~~~
#SSF~~~#
#~~~~~
#S@F~~~#
#~~~~~
#~.S~~~#
##..~.
#~~~~~~#
#~~...
#~#~~~~#
##.~..
#~~~~~~#
#~~~~~
#~~~~~~#
#~~~~~
#~~~~~~#
#~~~~~
#~~~~~~#
#~~~~~
#~~~~~~#####
#~~~~~


You could see 2 bullfrogs, 2 adders and 4 ball pythons.

Vanquished Creatures
  Sigmund (D:3)
  4 adders
  5 river rats (Sewer)
  5 worms
  A dart slug (D:1)
  An orc (D:3)
  14 ball pythons
  3 bats
  3 endoplasms
  2 giant cockroaches
  5 goblins
  4 hobgoblins
  6 jackals
  6 kobolds
  5 quokkas
  3 frilled lizards (D:2)
  21 rats
89 creatures vanquished.

Notes
Turn   | Place    | Note
-------+----------+-------------------------------------------
     0 | D:1      | qw the Gargoyle Hunter began the quest for the Orb.
     0 | D:1      | Reached XP level 1. HP: 12/12 MP: 1/1
     0 | D:1      | 0 ||| qw: Version: 0.3-a-83-gcd0e7d8
     0 | D:1      | 0 ||| qw: Game counter: 1473
     0 | D:1      | 0 ||| qw: Melee chars always use a shield: true
     0 | D:1      | 0 ||| qw: God list: Okawaru
     0 | D:1      | 0 ||| qw: Allow faded altars: false
     0 | D:1      | 0 ||| qw: Do Orc after clearing Dungeon:15 true
     0 | D:1      | 0 ||| qw: Do second Lair branch before Depths: true
     0 | D:1      | 0 ||| qw: Lair rune preference: random
     0 | D:1      | 0 ||| qw: Goals: Normal
     0 | D:1      | 0 ||| PLANNING D:1-11
    66 | D:1      | Reached XP level 2. HP: 17/17 MP: 2/2
   385 | D:1      | Found Kif Ruovo's General Store.
   401 | D:1      | 401 ||| BUYING potion of curing (39 gold).
   401 | D:1      | Bought a potion of curing for 39 gold pieces
   700 | D:1      | 700 ||| READING scroll labelled VUQIBL WEYF.
   701 | D:1      | 701 ||| READING scroll labelled GAMOFO HOSEXENG.
   702 | D:1      | 702 ||| READING scroll labelled OTUV NE TYFI.
   703 | D:1      | 703 ||| DRINKING 2 grey potions.
   704 | D:1      | 704 ||| DRINKING 2 red potions.
   705 | D:1      | 705 ||| DROPPING scroll of butterflies.
   706 | D:1      | 706 ||| DROPPING potion of degeneration.
   754 | D:2      | Reached XP level 3. HP: 18/21 MP: 3/3
   755 | D:2      | 755 ||| STAIRDANCE
   786 | D:2      | Reached skill level 5 in Ranged Weapons
   989 | D:2      | Reached skill level 3 in Fighting
  1162 | D:2      | Reached XP level 4. HP: 28/28 MP: 4/4
  1257 | D:2      | 1257 ||| READING scroll labelled RURHOL EHINNIM.
  1258 | D:2      | 1258 ||| READING scroll labelled OJEUB PUNN.
  1259 | D:2      | 1259 ||| READING scroll labelled KEOHICKAMN.
  1270 | D:3      | 1270 ||| PLANNING SEWER
  1291 | D:3      | 1291 ||| FLEEEEING.
  1292 | D:3      | 1292 ||| FLEEEEING.
  1293 | D:3      | 1293 ||| FLEEEEING.
  1294 | D:3      | 1294 ||| FLEEEEING.
  1295 | D:3      | 1295 ||| FLEEEEING.
  1296 | D:3      | 1296 ||| FLEEEEING.
  1349 | D:3      | Found an ancient bone altar of Kikubaaqudgha.
  1515 | D:3      | Noticed Sigmund
  1523 | D:3      | Killed Sigmund
  1524 | D:3      | Reached skill level 6 in Ranged Weapons
  1524 | D:3      | Reached XP level 5. HP: 25/32 MP: 5/5
  1524 | D:3      | Reached XP level 6. HP: 29/37 MP: 6/6
  1833 | D:3      | Found a glowing drain.
  1837 | D:3      | 1837 ||| READING scroll labelled SEIB GEMIT.
  1838 | D:3      | 1838 ||| READING scroll labelled HAMOIDE XUFOUNK.
  1839 | D:3      | 1839 ||| READING scroll labelled FOEDA GOSIH.
  1923 | Sewer    | Entered a sewer
  1937 | Sewer    | 1937 ||| Stepping ~*~*~tactically~*~*~ (water).
  1939 | Sewer    | 1939 ||| Stepping ~*~*~tactically~*~*~ (water).
  1943 | Sewer    | 1943 ||| Stepping ~*~*~tactically~*~*~ (water).
  1945 | Sewer    | 1945 ||| Stepping ~*~*~tactically~*~*~ (water).
  1973 | Sewer    | HP: 9/37 [river rat (7)]
  2258 | Sewer    | 2258 ||| Stepping ~*~*~tactically~*~*~ (water).
  2308 | Sewer    | 2308 ||| Stepping ~*~*~tactically~*~*~ (water).
  2325 | Sewer    | 2325 ||| Stepping ~*~*~tactically~*~*~ (water).
  2335 | Sewer    | HP: 7/38 [bullfrog (3)]
  2335 | Sewer    | HP: 3/38 [ball python (1)]
  2336 | Sewer    | Slain by a bullfrog

Levels and vault maps discovered:
D:1:      lightli_iron_boxes, layout_loops_ring, serial_shops, shop_coins,
          corner_web_ring
D:2:      layout_basic
D:3:      layout_loops_cross, kiku_gazebo_pond_becter,
          mainiacjoe_overflow_brackets, portal_sewer_entry_f,
          nicolae_houndstooth_variations, uniq_terence, uniq_sigmund
Sewer:    sewer_minmay_w

Skill      XL: |  1  2  3  4  5  6 |
---------------+-------------------+-----
Ranged Weapons | 5 6 |  6.9
Fighting       | 3 4 |  4.0
Dodging        | |  1.5
Stealth        | |  1.1

Action                     |  1- 3 |  4- 6 || total
---------------------------+-------+-------++-------
   Fire: Shortbow          |   137 |   174 ||   311
    Use: Scroll            |     3 |     6 ||     9
         Potion            |     2 |       ||     2
 Armour: Leather armour    |    66 |    79 ||   145
  Dodge: Dodged            |    46 |    75 ||   121

Table legend:
 A = Non-vault XP
 B = Vault XP
 C = Vault XP percentage of total XP
 D = Non-vault monster count
 E = Vault monster count
 F = Vault count percentage of total count
                 A         B        C        D         E       F
            +---------+---------+-------+---------+---------+-------
      Total |     120 |     351 |  74.5 |      53 |      36 |  40.4
            +---------+---------+-------+---------+---------+-------
        D:1 |      29 |       0 |   0.0 |      16 |       0 |   0.0
        D:2 |      64 |       0 |   0.0 |      23 |       0 |   0.0
        D:3 |      27 |     214 |  88.8 |      14 |       3 |  17.6
      Sewer |       0 |     137 | 100.0 |       0 |      33 | 100.0
            +---------+---------+-------+---------+---------+-------
